Map: 2000 Atmosphären LE

Players

makeaturret - Winner!

  • Race: Terran Terran
  • League: Platinum

Hydropic

  • Race: Zerg Zerg
  • League: Diamond

VOD

Have the link to the VOD?

Description

Time

  • Played on: March 14, 2022, 3:05 p.m.
  • Length: 22:06
Show
View Real Time Build Order
Export as new Build Order

makeaturret Terran - Winner!

Build Orders:  

Get SALT Encoding   

  12  0:01  SCV  
  13  0:18  SCV  
  14  0:21  Supply Depot  
  14  0:30  SCV  
  15  0:43  SCV  
  15  0:45  Barracks  
  15  0:47  Refinery  
  16  0:55  SCV  
  17  1:07  SCV  
  18  1:19  SCV  
  19  1:31  SCV  
  20  1:36  Command Center  
  20  1:38  Barracks Reactor  
  20  1:46  Orbital Command  
  20  2:01  Supply Depot  
  20  2:13  SCV  
  20  2:15  Marine x2  
  23  2:23  Refinery  
  23  2:25  SCV, Factory  
  24  2:38  Marine x2  
  24  2:40  SCV  
  27  2:46  Engineering Bay  
  27  2:49  Orbital Command  
  27  2:52  SCV  
  28  3:04  SCV  
  29  3:17  Hellion x2, Starport  
  29  3:18  Barracks Tech Lab  
  33  3:25  SCV x2  
  35  3:37  SCV  
  35  3:38  Hellion  
  38  3:41  Supply Depot  
  38  3:51  SCV x2, Barracks  
  38  3:53  Factory  
  40  4:03  SCV x2  
  42  4:10  Stimpack  
  42  4:11  Liberator  
  42  4:13  Hellion x2  
  49  4:26  SCV x2  
  50  4:40  Command Center  
  50  4:42  SCV x2  
  50  4:43  Barracks Reactor, Factory Tech Lab  
  52  4:50  Hellion  
  54  4:57  Supply Depot  
  54  5:18  Siege Tank, Viking  
  54  5:19  Hellion  
  61  5:25  Barracks  
  61  5:27  Barracks x2  
  61  5:28  Refinery, SCV  
  61  5:29  Refinery  
  62  5:43  Armory  
  62  5:48  Terran Infantry Armor Level 1  
  62  5:49  Supply Depot  
  62  5:51  Marine x2, Supply Depot  
  62  5:52  SCV, Hellion  
  67  6:05  Command Center  
  67  6:06  SCV x2  
  69  6:13  Starport Reactor  
  69  6:14  Combat Shield  
  69  6:17  Barracks Reactor  
  69  6:18  SCV x2  
  69  6:20  Barracks Tech Lab  
  69  6:21  Barracks Reactor  
  69  6:35  Marine x2  
  69  6:36  Siege Tank, Widow Mine  
  69  6:37  Marine, Widow Mine  
  69  6:39  Orbital Command  
  76  7:12  Marine  
  76  7:13  Marine x4  
  76  7:14  Marine, Marauder x2  
  84  7:15  Medivac x2  
  74  7:24  Siege Tank  
  74  7:25  Widow Mine x2  
  81  7:30  Marine  
  81  7:31  Marine x4  
  81  7:32  Marine  
  81  7:36  Marauder  
  89  7:37  Marine  
  90  7:44  SCV  
  90  7:45  SCV x2  
  90  7:48  Marine  
  90  7:49  Marine  
  95  7:56  Siege Tank, SCV  
  95  7:57  Widow Mine  
  95  7:58  Widow Mine  
  101  7:59  Marine x2  
  103  8:06  SCV x2  
  103  8:08  SCV  
  103  8:10  Supply Depot  
  103  8:11  Terran Infantry Weapons Level 1  
  106  8:15  Engineering Bay  
  106  8:18  Concussive Shells  
  106  8:19  Widow Mine  
  108  8:31  Marine x2, SCV x2, Medivac x2  
  108  8:33  Supply Depot  
  116  8:54  Siege Tank, Marine  
  116  8:55  Widow Mine, Marauder  
  124  9:07  Supply Depot  
  124  9:12  Supply Depot  
  124  9:13  SCV  
  124  9:27  Smart Servos  
  124  9:29  Marine x5, SCV, Marauder  
  132  9:33  Marine  
  132  9:34  SCV, Barracks, Marauder  
  132  9:35  Barracks  
  132  9:37  SCV  
  137  9:41  SCV  
  137  9:42  Missile Turret  
  137  9:43  Refinery  
  137  9:44  Sensor Tower  
  138  9:46  Marine, SCV, Missile Turret  
  138  9:47  Refinery  
  140  9:54  Marine  
  140  9:55  SCV x2  
  140  10:11  Marine, Marauder  
  140  10:12  Marine x4, SCV x2  
  140  10:13  Marine  
  140  10:14  Marauder  
  116  10:26  Barracks Reactor  
  116  10:27  Terran Infantry Weapons Level 2, Barracks Tech Lab, Terran Infantry Armor Level 2  
  116  10:28  Marine  
  116  10:30  Marine x5  
  116  10:32  Marauder  
  116  10:35  Marauder  
  126  10:46  Marine  
  126  10:47  Marine x2  
  126  10:48  Marine x3  
  129  10:50  Marine  
  129  10:52  Medivac x2  
  129  10:53  SCV  
  129  10:54  Marauder, Planetary Fortress  
  129  10:56  Marauder  
  139  11:01  SCV  
  140  11:04  Command Center  
  140  11:07  Command Center  
  140  11:11  Missile Turret  
  140  11:12  Supply Depot, Sensor Tower  
  140  11:13  Supply Depot  
  140  11:33  Marine x5  
  140  11:34  SCV, Marauder  
  140  11:35  Marine x4, Marauder, Medivac  
  156  11:41  Medivac  
  153  11:51  Marine x4  
  156  11:54  Marine x2  
  156  11:55  Marine x2, Marauder  
  156  11:56  Marauder  
  156  11:59  Marauder  
  145  12:03  Siege Tank  
  145  12:04  Widow Mine x2  
  145  12:05  SCV, Medivac  
  145  12:06  SCV  
  154  12:09  Marine x2  
  154  12:10  Marine x2  
  154  12:12  Marine x3, Medivac  
  152  12:16  Marauder  
  152  12:17  Marauder  
  152  12:20  Marine, Marauder  
  156  12:25  Widow Mine x2  
  156  12:27  Marine  
  156  12:28  Planetary Fortress  
  161  12:35  Siege Tank, Marine  
  161  12:36  Marine x3  
  168  12:38  Marauder x2  
  168  12:39  Terran Vehicle And Ship Armor Level 1  
  168  12:41  Marauder  
  174  12:45  Refinery  
  174  12:47  Widow Mine  
  174  12:48  Supply Depot  
  174  12:49  Refinery  
  174  12:50  Supply Depot  
  176  12:51  Supply Depot  
  176  12:59  Marauder  
  176  13:00  Marauder  
  176  13:03  Marauder  
  182  13:08  SCV x2  
  182  13:11  Planetary Fortress  
  184  13:13  SCV x2  
  184  13:14  Supply Depot  
  184  13:18  Marine x3  
  184  13:19  Marine x2  
  191  13:20  Terran Infantry Armor Level 3, Terran Infantry Weapons Level 3  
  191  13:21  Command Center, Marauder x2  
  191  13:24  Marauder  
  197  13:40  Marine  
  198  13:42  Marauder  
  185  14:00  Marine x3  
  185  14:01  Marine, Marauder x2  
  189  14:05  Siege Tank  
  189  14:06  Widow Mine x2  
  189  14:07  Marauder  
  196  14:17  Armory  
  196  14:18  Supply Depot x2  
  196  14:22  Marauder x2  
  200  14:33  Terran Vehicle Weapons Level 1  
  200  14:45  Marauder  
  195  14:46  Marauder x2  
  195  14:57  Orbital Command  
  195  14:59  Command Center  
  195  15:06  Command Center, Marauder  
  199  15:07  Marauder  
  194  15:18  Marauder  
  183  15:28  Marauder x2  
  187  15:40  Marauder  
  189  15:49  Marauder  
  193  15:50  Marauder  
  187  16:01  Marauder  
  156  16:11  Marauder x2  
  155  16:13  Marine x3  
  155  16:14  Marine x4  
  155  16:16  SCV x4  
  155  16:17  SCV  
  148  16:23  Marauder  
  148  16:24  Siege Tank, Widow Mine x2  
  157  16:27  Marine  
  157  16:28  SCV x2  
  157  16:31  Marine x3  
  157  16:32  Marauder x2  
  164  16:38  Medivac x2  
  168  16:42  SCV  
  168  16:44  Marauder, Orbital Command  
  168  16:46  Planetary Fortress  
  171  16:52  Refinery  
  171  16:53  Marauder  
  175  16:54  Refinery, Marauder  
  175  16:56  Siege Tank, Sensor Tower  
  175  17:00  Supply Depot, Sensor Tower  
  178  17:05  Marauder  
  178  17:07  Marine  
  178  17:08  Liberator x2  
  181  17:15  Marauder x2  
  191  17:22  Supply Depot  
  191  17:25  Supply Depot  
  191  17:26  Marine  
  191  17:27  Marine, Marauder  
  195  17:36  Marauder  
  195  17:37  Neosteel Armor, Marauder, Hi-Sec Auto Tracking  
  199  17:38  Terran Vehicle Weapons Level 2, Terran Vehicle And Ship Armor Level 2  
  198  17:48  Marauder, Orbital Command  
  192  18:07  Marine x3, Marauder x2  
  192  18:26  Marine  
  192  18:27  Marauder  
  192  18:28  Marauder  
  192  18:29  Marauder  
  186  18:46  Marine x4  
  186  18:47  Marine  
  191  18:48  Marauder  
  191  18:49  Marine x4  
  191  18:50  Marauder, Viking  
  172  19:04  Marine x4  
  172  19:05  Marine  
  172  19:08  Marauder  
  172  19:09  Marauder  
  162  19:11  Marauder  
  144  19:20  Marine  
  144  19:22  Siege Tank, Widow Mine x2  
  147  19:29  Marauder  
  149  19:31  Command Center  
  149  19:32  Command Center, Marine x2, Marauder  
  149  19:33  Marine x2, Marauder  
  157  19:43  Marine x4  
  157  19:44  Widow Mine x2  
  165  19:50  Marine, Marauder  
  164  19:54  Siege Tank, Marauder  
  164  19:57  Factory  
  164  19:59  Factory  
  169  20:05  Widow Mine x2  
  173  20:10  Marine x4, Marauder  
  173  20:11  Marine  
  173  20:12  Marauder  
  182  20:15  Marauder  
  182  20:17  Marine x2  
  182  20:18  Marine  
  187  20:26  Siege Tank, Widow Mine  
  187  20:27  Widow Mine  
  187  20:28  Marine x2  
  195  20:32  Marine x2, Marauder, Orbital Command  
  200  20:48  Orbital Command  
  200  20:54  Orbital Command  
  200  20:59  Command Center  
  200  21:07  Factory Tech Lab  
  200  21:12  Factory Tech Lab  
  200  21:26  Marauder  
Show
View Real Time Build Order
Export as new Build Order

Hydropic Zerg 

Build Orders: Hatch First 

Get SALT Encoding   

  12  0:00  Drone  
  13  0:13  Overlord  
  13  0:17  Drone  
  14  0:31  Drone x2  
  16  0:49  Hatchery  
  15  0:52  Drone  
  15  0:56  Drone  
  17  1:00  Drone  
  18  1:10  Extractor  
  17  1:15  Spawning Pool  
  17  1:18  Drone  
  17  1:21  Drone  
  18  1:29  Drone  
  19  1:40  Drone  
  20  1:50  Overlord  
  20  2:02  Queen x2  
  20  2:03  Zergling x4  
  26  2:12  Drone x2  
  26  2:14  Metabolic Boost  
  28  2:23  Drone x2  
  30  2:40  Hatchery  
  30  2:44  Drone x2  
  30  2:48  Queen  
  33  2:53  Overlord  
  34  2:58  Drone x2  
  34  3:01  Drone  
  36  3:11  Drone x5  
  41  3:17  Overlord  
  41  3:24  Queen  
  43  3:33  Drone  
  44  3:35  Drone  
  44  3:36  Drone  
  46  3:41  Drone x2  
  48  3:49  Overlord  
  48  3:55  Drone, Overlord  
  48  3:56  Drone x3, Queen  
  48  4:01  Queen  
  56  4:10  Zergling x2  
  56  4:11  Zergling x8  
  56  4:14  Drone x2  
  56  4:15  Drone  
  64  4:23  Drone  
  65  4:24  Drone  
  65  4:26  Drone  
  65  4:27  Drone x3  
  70  4:41  Overlord  
  70  4:44  Lair  
  70  4:49  Extractor  
  70  4:50  Drone x3, Extractor  
  70  4:51  Drone x3  
  74  4:57  Baneling Nest  
  73  5:01  Extractor  
  73  5:02  Drone x2  
  73  5:04  Extractor, Overlord x2  
  73  5:22  Extractor  
  73  5:24  Drone x3  
  73  5:25  Drone x3  
  73  5:26  Drone  
  76  5:39  Drone  
  76  5:42  Centrifugal Hooks  
  77  5:45  Drone x2, Evolution Chamber  
  77  5:46  Evolution Chamber  
  77  5:51  Drone x2  
  77  5:53  Hydralisk Den  
  78  5:58  Drone x3  
  78  5:59  Drone  
  78  6:00  Drone  
  78  6:01  Zergling x12  
  89  6:05  Overseer  
  89  6:06  Pneumatized Carapace  
  89  6:07  Hatchery  
  88  6:12  Zerg Melee Weapons Level 1  
  88  6:13  Zerg Ground Armor Level 1  
  88  6:15  Drone  
  88  6:17  Overlord x4  
  89  6:29  Overlord  
  89  6:36  Zergling x2  
  89  6:37  Zergling x14  
  97  6:45  Zergling x2  
  97  6:46  Zergling x2  
  99  6:58  Zergling x10  
  104  7:01  Baneling  
  104  7:02  Baneling x9  
  101  7:14  Zergling x2  
  101  7:15  Zergling x14  
  85  7:32  Overlord  
  85  7:33  Drone x2  
  85  7:35  Zergling x10  
  85  7:36  Queen  
  92  7:38  Overlord  
  92  7:39  Overseer  
  92  7:44  Infestation Pit  
  93  7:55  Drone  
  93  7:56  Drone x8  
  93  7:57  Drone x2  
  104  7:59  Queen  
  104  8:01  Queen  
  104  8:04  Muscular Augments  
  108  8:10  Drone x4  
  108  8:11  Hydralisk  
  108  8:12  Queen, Hydralisk x4  
  124  8:26  Hatchery  
  123  8:28  Zergling x10  
  123  8:29  Zerg Melee Weapons Level 2, Zergling x6  
  123  8:30  Zerg Ground Armor Level 2  
  131  8:41  Overlord x3  
  131  8:47  Overlord  
  131  8:51  Overlord x2  
  131  8:53  Hive  
  131  8:57  Overlord  
  131  8:59  Queen x2  
  135  9:03  Zergling x6  
  135  9:04  Zergling x16  
  146  9:16  Grooved Spines  
  146  9:18  Zergling x2  
  146  9:19  Zergling x24  
  159  9:36  Extractor  
  159  9:38  Drone, Extractor  
  157  9:39  Drone x4  
  157  9:40  Drone x4  
  157  9:43  Baneling x13  
  157  9:44  Baneling x8  
  151  9:57  Zergling x2  
  151  9:58  Zergling x22  
  145  10:06  Zergling x12  
  151  10:13  Zergling x8  
  148  10:16  Zergling x6  
  148  10:20  Zergling x2  
  135  10:26  Zergling x2  
  135  10:27  Zergling x4  
  137  10:36  Hatchery  
  137  10:40  Zergling x20  
  134  10:43  Zergling x2  
  134  10:45  Zergling x6, Hatchery  
  134  10:48  Baneling  
  134  10:49  Baneling x18  
  133  10:53  Zergling x6  
  133  10:54  Zergling x2  
  133  11:01  Zerg Ground Armor Level 3, Zerg Melee Weapons Level 3, Adrenal Glands  
  133  11:04  Baneling x7  
  133  11:05  Baneling x8, Zergling x2  
  133  11:06  Zergling x14  
  141  11:13  Zergling x10  
  142  11:30  Zergling x2  
  142  11:31  Zergling x14  
  142  11:35  Ultralisk Cavern  
  142  11:39  Hatchery  
  138  11:43  Zergling x2  
  138  11:44  Zergling x20  
  139  11:55  Zergling x2  
  139  11:56  Zergling x14  
  130  12:02  Zergling x4  
  130  12:03  Zergling x6  
  130  12:07  Zergling x6  
  129  12:10  Zergling x4  
  129  12:11  Zergling x8  
  131  12:18  Zergling x8  
  118  12:25  Ultralisk x3  
  118  12:26  Ultralisk  
  142  12:30  Chitinous Plating  
  142  12:42  Zergling x6  
  142  12:43  Zergling x22  
  142  12:44  Baneling x15  
  156  12:45  Baneling x12  
  156  12:56  Drone  
  156  12:57  Drone x8  
  165  13:14  Zergling x2  
  165  13:15  Zergling x30  
  165  13:18  Overseer  
  181  13:24  Drone x6  
  175  14:04  Extractor  
  175  14:06  Drone x3, Extractor  
  175  14:07  Drone x3  
  175  14:08  Drone x2  
  181  14:10  Zergling x2  
  181  14:11  Zergling x28  
  181  14:13  Anabolic Synthesis  
  196  14:37  Overseer  
  194  14:43  Baneling  
  194  14:44  Baneling x18  
  194  14:46  Overlord  
  193  15:12  Drone  
  193  15:13  Drone x7  
  176  15:22  Zergling x2  
  176  15:23  Zergling x32  
  176  15:24  Zergling x4  
  195  15:35  Queen  
  197  15:36  Queen  
  162  15:58  Hatchery  
  162  16:01  Zergling x26  
  162  16:02  Zergling x18  
  140  16:18  Zergling x12  
  138  16:19  Queen  
  138  16:22  Queen  
  144  16:26  Queen  
  144  16:30  Zergling x2  
  144  16:31  Zergling x14  
  154  16:35  Zergling x8  
  154  16:36  Zergling x2  
  158  16:42  Baneling x16  
  158  16:43  Baneling  
  158  16:44  Zerg Missile Weapons Level 1  
  164  16:47  Ultralisk x4  
  164  16:48  Overlord  
  164  16:51  Drone  
  183  16:55  Queen  
  183  16:57  Queen  
  187  17:02  Queen  
  187  17:05  Zergling x22  
  200  17:25  Baneling x4  
  188  17:50  Zergling x2  
  188  17:51  Zergling x30  
  175  18:07  Zergling x2  
  175  18:08  Zergling x38  
  183  18:24  Zergling x2, Ultralisk x2  
  183  18:25  Zergling x8  
  200  18:36  Baneling x3  
  200  18:37  Baneling x4  
  200  18:38  Hatchery  
  198  18:45  Zergling x2  
  198  18:46  Zergling x4  
  185  18:57  Zergling x26  
  185  18:58  Zergling x6  
  175  19:03  Swarm Host  
  175  19:04  Zergling x2  
  175  19:05  Zergling x6  
  165  19:10  Zergling x4  
  165  19:11  Zergling x4  
  165  19:13  Zergling x2  
  157  19:23  Queen  
  159  19:30  Zergling x2  
  163  19:31  Zergling x20  
  170  19:43  Zergling x2  
  170  19:44  Zergling x14  
  167  19:52  Queen  
  169  20:06  Extractor  
  168  20:09  Overlord  
  168  20:10  Hatchery  
  166  20:17  Hatchery  
  166  20:19  Zergling x16  
  166  20:20  Zergling x4  
  174  20:22  Extractor  
  172  20:30  Baneling x2  
  172  20:31  Baneling x15  
  172  20:39  Zergling x4  
  172  20:40  Zergling x12  
  180  20:52  Baneling x5  
  180  20:53  Baneling x6  
  180  20:55  Zergling x2  
  180  20:56  Zergling x18  
  190  21:19  Baneling  
  190  21:20  Baneling  
  142  21:48  Zergling x2  
  142  21:49  Zergling x26  
Tags
 
Add a new tag
Caveats
  • Supply blocks, unpowered buildings, or Contaminate may cause inaccurate times.
  • Supply counts are checked every 10 seconds.